 Dungeon Sprint DCSS version 0.31-a0-18-gea43df2a32 (webtiles) character file.

Game seed: 6848556676588380223

5611 bmack86 the Severer (level 10, -10/107 HPs)
             Began as a Minotaur Berserker on May 11, 2023.
             Was a High Priest of Trog.
             Killed by divine providence
             ... invoked by a meliai
              (12 damage)
             ... in the Dungeon (Sprint I: "Red Sonja").
             The game lasted 00:10:28 (1132 turns).

bmack86 the Severer (Minotaur Berserker)            Turns: 1132, Time: 00:10:29

Health: -10/107    AC: 10    Str: 25    XL:     10   Next: 45%
Magic:  0/9        EV: 10    Int:  4    God:    Trog [*****.]
Gold:   436        SH: 11    Dex: 11    Spells: 9/9 levels left

rFire   . . .        a - +0 hand axe
rCold   + . .        m - +5 kite shield "Iddeemei" {+Inv rC+ rN++ rCorr}
rNeg    + + .        j - +0 ring mail
rPois   .            (helmet restricted)
rElec   .            (no cloak)
rCorr   +            (no gloves)
SInv    .            n - +0 pair of boots
Will    .....        (no amulet)
Stlth   +            (no ring)
HPRegen 0.37/turn    (no ring)
MPRegen 0.11/turn

%: no teleportation
@: no status effects
A: horns 2, retaliatory headbutt
a: Renounce Religion, Evoke Invisibility, Berserk, Trog's Hand, Brothers in Arms


You were in the Dungeon.
You worshipped Trog.
Trog was extremely pleased with you.
You visited 1 branch You collected 1771 gold pieces.
You spent 1335 gold pieces at shops.

Inventory:

Hand Weapons
 a - a +0 hand axe (weapon)
Missiles
 l - 3 curare-tipped darts
Armour
 b - a +0 animal skin
 j - a +0 ring mail (worn)
 m - the +5 kite shield "Iddeemei" (worn) {+Inv rC+ rN++ rCorr}
   (You bought it in a shop in the Dungeon)

   rC:        It protects you from cold.
   rN:        It greatly protects you from negative energy.
   +Inv:      It lets you turn invisible.
   rCorr:     It protects you from acid and corrosion.
 n - a +0 pair of boots (worn)
Wands
 i - a wand of iceblast (2) (quivered)
Scrolls
 h - 2 scrolls of blinking
 p - a scroll of identify
Potions
 c - 3 potions of curing
 d - 2 potions of heal wounds
 e - a potion of haste
 f - 2 potions of magic
 g - a potion of berserk rage
 k - a potion of lignification
 o - 3 potions of mutation {unknown}


   Skills:
 + Level 16.0 Fighting
 + Level 16.3 Axes
 + Level 4.9 Throwing
 + Level 15.9 Armour
 - Level 2.1 Dodging
 - Level 8.0 Evocations


You had 9 spell levels left.
You didn't know any spells.
Your spell library was empty.

Dungeon Overview and Level Annotations

Branches:
Dungeon (1/1)

Altars:
Cheibriados
Dithmenos
Elyvilon
Fedhas
Gozag
Hepliaklqana
Kikubaaqudgha
Makhleb
Nemelex Xobeh
Okawaru
Qazlal
Ru
Sif Muna
Trog
Uskayaw
Vehumet
Wu Jian
Xom
Yredelemnul
Zin
The Shining One
Jiyva
Lugonu

Shops:
D (?[


Innate Abilities, Weirdness & Mutations

You have a pair of horns on your head.
You reflexively headbutt those who attack you in melee.


Message History

You bump into the stone wall.
You bump into the stone wall.
You bump into the stone wall.
You feel less confused.
You are engulfed in noxious fumes.
You are engulfed in noxious fumes.
You choke on the stench!
You are confused.
You bump into the stone wall.
You are engulfed in noxious fumes.
You choke on the stench!
You are more confused.
You are engulfed in noxious fumes.
You are engulfed in noxious fumes.
You feel less confused.
You open the door.
A meliai comes into view. It is wielding a +2 war axe of flaming.
The meliai buzzes angrily.
You hear a chilling moan.
The meliai mumbles some strange prayers to its god against you.
Something smites you!
Found 162 gold pieces.
There is an open door here.
Deactivating autopickup; reactivate with Ctrl-A.
You slash something! Your headbutt misses something. Something hits you!
You feel your power leaking away.
You hit something. Something hits you but does no damage.
You slash something! Something hits you!!
You barely miss something. You headbutt something.
You hit something but do no damage.
The meliai mumbles some strange prayers to its god against you.
Something smites you! You block something's attack.
You completely miss something. Your headbutt misses something.
Something hits you!!
* * * LOW HITPOINT WARNING * * *
You closely miss something.
The meliai calls down the wrath of its god upon you.
Something smites you!
* * * LOW HITPOINT WARNING * * *
You miss something.
The meliai invokes the aid of its god against you.
Something smites you!
You die...

###################
#__#..')..#..#..§§+
'..'..#)..##)#§####
#__####...'..#.# ##
####(|#####..'.#+#$###
#~~~§.#§.##○####..$#y#
'§~~..'..#○.°°°#..$###
#§~~)§#..#°°.○○'..$$$#
##+#####+###°○.#@....#
#...[### #...###++##
##+###(## #..##
.÷...'.∩# #..#
######### ##'# # #.# #
### # #


You could see a meliai.

Vanquished Creatures
  2 centaur warriors (D)
  Sonja (D)
  A deep troll (D)
  A lindwurm (D)
  A gargoyle (D)
  2 kobold demonologists (D)
  A hornet (D)
  A slime creature (D)
  Sigmund (D)
  A yak (D)
  A floating eye (D)
  An ogre (D)
  A jelly (D)
  Ijyb (D)
  A ballistomycete spore (D)
17 creatures vanquished.

Vanquished Creatures (collateral kills)
  4 demonic crawlers (D)
4 creatures vanquished.

Vanquished Creatures (others)
  A ballistomycete spore (D)
1 creature vanquished.

Grand Total: 22 creatures vanquished

Notes
Turn   | Place    | Note
-------+----------+-------------------------------------------
     0 | D        | bmack86 the Minotaur Berserker began the quest for the Orb.
     0 | D        | Reached XP level 1. HP: 19/19 MP: 0/0
     3 | D        | Noticed Ijyb
    13 | D        | Killed Ijyb
    14 | D        | Reached skill level 5 in Fighting
    14 | D        | Reached skill level 5 in Axes
    14 | D        | Reached XP level 2. HP: 14/29 MP: 1/1
    67 | D        | Noticed an ogre
    71 | D        | Killed an ogre
    72 | D        | Reached XP level 3. HP: 21/38 MP: 2/2
    72 | D        | Reached XP level 4. HP: 24/45 MP: 3/3
   169 | D        | Noticed Sigmund
   172 | D        | Killed Sigmund
   172 | D        | Reached ** piety under Trog
   173 | D        | Reached XP level 5. HP: 56/56 MP: 4/4
   173 | D        | Reached XP level 6. HP: 62/62 MP: 5/5
   222 | D        | Found a burning altar of Makhleb.
   222 | D        | Found a viscous altar of Jiyva.
   222 | D        | Found a shimmering altar of Xom.
   222 | D        | Found a corrupted altar of Lugonu.
   222 | D        | Noticed a slime creature
   228 | D        | Killed a slime creature
   229 | D        | Reached skill level 5 in Evocations
   249 | D        | Found an ornate altar of the Wu Jian Council.
   249 | D        | Found a shimmering blue altar of Sif Muna.
   251 | D        | Found a radiant altar of Vehumet.
   285 | D        | Found Lypin's Magic Scroll Emporium.
   285 | D        | Found an ancient bone altar of Kikubaaqudgha.
   285 | D        | Found a hazy altar of Hepliaklqana.
   285 | D        | Found a stormy altar of Qazlal.
   285 | D        | Found a hide-covered altar of Uskayaw.
   285 | D        | Found a blossoming altar of Fedhas.
   285 | D        | Found a bloodstained altar of Trog.
   285 | D        | Found an iron altar of Okawaru.
   285 | D        | Found a basalt altar of Yredelemnul.
   285 | D        | Found a glowing golden altar of the Shining One.
   285 | D        | Found a snail-covered altar of Cheibriados.
   285 | D        | Found a sacrificial altar of Ru.
   285 | D        | Found a glowing silver altar of Zin.
   285 | D        | Found a shadowy altar of Dithmenos.
   285 | D        | Found a white marble altar of Elyvilon.
   285 | D        | Noticed a yak
   289 | D        | Killed a yak
   290 | D        | Reached skill level 10 in Fighting
   290 | D        | Reached skill level 10 in Axes
   290 | D        | Reached XP level 7. HP: 72/72 MP: 6/6
   290 | D        | Found an opulent altar of Gozag.
   291 | D        | Found a sparkling altar of Nemelex Xobeh.
   344 | D        | Noticed a kobold demonologist
   344 | D        | Noticed a kobold demonologist
   346 | D        | Reached *** piety under Trog
   347 | D        | Reached skill level 10 in Armour
   353 | D        | Noticed a rust devil
   354 | D        | Killed a kobold demonologist
   358 | D        | Killed a kobold demonologist
   358 | D        | Reached **** piety under Trog
   359 | D        | Reached XP level 8. HP: 83/83 MP: 7/7
   402 | D        | Noticed a centaur warrior
   402 | D        | Noticed a centaur warrior
   409 | D        | Killed a centaur warrior
   410 | D        | Noticed a hornet
   410 | D        | Killed a centaur warrior
   411 | D        | Reached XP level 9. HP: 61/93 MP: 8/8
   502 | D        | Noticed a deep troll
   511 | D        | Killed a deep troll
   567 | D        | Found Vessukk's Armour Emporium.
   590 | D        | Noticed Sonja
   592 | D        | Killed Sonja
   592 | D        | Reached ***** piety under Trog
   593 | D        | Reached skill level 15 in Axes
   696 | D        | Found Enoakhledd's Weapon Boutique.
   736 | D        | Bought a scroll of acquirement for 624 gold pieces
   736 | D        | Acquired 666 gold pieces
   759 | D        | Bought the +5 kite shield "Iddeemei" {+Inv rC+ rN++ rCorr}
                  | for 666 gold pieces
   759 | D        | Bought a +0 pair of boots for 45 gold pieces
   855 | D        | Noticed a demonic crawler
   855 | D        | Noticed a demonic crawler
   855 | D        | Noticed a demonic crawler
   855 | D        | Noticed a demonic crawler
   857 | D        | Killed a demonic crawler
   858 | D        | Reached skill level 15 in Fighting
   858 | D        | Reached skill level 1 in Throwing
   858 | D        | Reached skill level 15 in Armour
   858 | D        | Reached XP level 10. HP: 105/105 MP: 9/9
   859 | D        | Killed a demonic crawler
   861 | D        | Killed a demonic crawler
   865 | D        | Killed a demonic crawler
   908 | D        | Noticed a lindwurm
   914 | D        | Killed a lindwurm
  1011 | D        | Noticed a gargoyle
  1020 | D        | Killed a gargoyle
  1131 | D        | HP: 2/107 [meliai/divine providence (17)]
  1132 | D        | Killed from afar by a meliai

Illustrated notes

Levels and vault maps discovered:
D:        dungeon_sprint_1 [red_sonja_temple_1, red_sonja_temple_small_1]

Skill      XL: |  1  2  3  4  5  6  7  8  9 10 |
---------------+-------------------------------+-----
Fighting       | 5 6 8 10 11 13 15 16 | 16.0
Axes           | 5 6 8 10 11 13 15 16 | 16.3
Armour         | 4 6 8 9 11 13 15 | 15.9
Evocations     | 2 4 6 7 8 |  8.0
Throwing       | 1 4 |  4.9
Dodging        | |  2.1

Action                     |  1- 3 |  4- 6 |  7- 9 | 10-12 || total
---------------------------+-------+-------+-------+-------++-------
  Melee: Hand axe          |    12 |    11 |    21 |    20 ||    64
         Headbutt          |     2 |     6 |     5 |     6 ||    19
 Invoke: Berserk           |     2 |     3 |     2 |     3 ||    10
         Brothers in Arms  |       |       |     1 |       ||     1
  Evoke: Wand              |       |       |     8 |       ||     8
    Use: Scroll            |       |       |     2 |       ||     2
 Armour: Ring mail         |       |     2 |     7 |     4 ||    13
  Dodge: Dodged            |     3 |     2 |     6 |     1 ||    12
  Block: Kite shield       |       |       |     3 |     9 ||    12

Table legend: (Time is in decaauts)
 A = Elapsed time spent in this place.
 B = Non-inter-level travel time spent in this place.
 C = Inter-level travel time spent in this place.
 D = Time resting spent in this place.
 E = Time spent auto-exploring this place.
 F = Levels seen in this place.
 G = Mean time per level.
                   A        B        C        D        E       F      G
               +--------+--------+--------+--------+--------+-----+--------+
         Total |   1219 |   1219 |      0 |    591 |      0 |   1 | 1219.0 |
       Dungeon |   1219 |   1219 |      0 |    591 |      0 |   1 | 1219.0 |
               +--------+--------+--------+--------+--------+-----+--------+

Top non-repeatable levels by time:
       D: 1219 daAuts
